 Dungeon Sprint DCSS version 0.17.2-1-ge4368a0 (webtiles) character file.

339 mopl the Covert (level 6, 0/30 HPs)
             Began as a Spriggan Assassin on Aug 21, 2016.
             Was an Initiate of Trog.
             Slain by a deep elf priest
             ... wielding a +1 long sword of holy wrath
              (7 damage)
             ... in the Dungeon (Sprint III: "The Ten Rune Challenge").
             The game lasted 00:01:18 (169 turns).

mopl the Covert (Spriggan Assassin)                  Turns: 169, Time: 00:01:19

Health: 0/30       AC:  3    Str:  7    XL:     6   Next: 29%
Magic:  7/7        EV: 17    Int: 13    God:    Trog [......]
Gold:   20         SH:  0    Dex: 19    Spells: 0 memorised, 5 levels left

rFire  . . .     SeeInvis +     b - +0 blowgun
rCold  . . .     Clarity  .     c - +0 robe
rNeg   . . .     SustAt   .     (shield restricted)
rPois  .         Gourm    .     (helmet restricted)
rElec  .         Spirit   .     d - +0 cloak
rCorr  .         Warding  .     (gloves unavailable)
rMut   .         NoTele   +     (boots unavailable)
MR     +....                    (no amulet)
Stlth  ++++++....               (no ring)
                                (no ring)

@: very quick, somewhat resistant to hostile enchantments, very stealthy
A: unfitting armour, see invisible, herbivore 3, speed 3, slow metabolism 2
a: Burn Spellbooks, Renounce Religion


You were in the Dungeon.
You worshipped Trog.
Trog was noncommittal.
You were not hungry.

You visited 1 branch You collected 20 gold pieces.

Inventory:

Hand Weapons
 a - a +2 dagger
 b - a +0 blowgun (weapon)
Missiles
 e - 8 poisoned needles (quivered)
Armour
 c - a +0 robe (worn)
 d - a +0 cloak (worn)
Scrolls
 m - a scroll of blinking
 p - 4 scrolls of torment {unknown}
 r - 3 scrolls of remove curse
 u - a scroll of enchant armour {unknown}
Potions
 h - a potion of curing
 i - a potion of heal wounds
 j - a potion of haste
 k - 2 potions of magic
 l - 2 potions of berserk rage {!q}
 n - 3 potions of flight
 t - 3 potions of might
 w - a potion of cure mutation {unknown}
Comestibles
 g - a bread ration
 s - 2 fruits
 v - a royal jelly


   Skills:
 - Level 1.5 Fighting
 + Level 7.5 Short Blades
 * Level 9.8 Throwing
 - Level 1.5 Dodging
 + Level 11.7 Stealth


You had 5 spell levels left.
You didn't know any spells.

Dungeon Overview and Level Annotations

Branches:
Dungeon (1/1)

Altars:
Elyvilon
Okawaru
Trog
Zin
The Shining One


Innate Abilities, Weirdness & Mutations

You are tiny and cannot use many weapons and most armour.
You have supernaturally acute eyesight.
You are a herbivore.
You cover ground extremely quickly.
You need consume almost no food.


Message History

The deep elf priest hits you with a long sword of holy wrath!
You hit the deep elf priest.
The deep elf priest is lightly wounded.
You hit the deep elf priest.
The deep elf priest is moderately wounded.
The deep elf priest hits you with a long sword of holy wrath!
* * * LOW HITPOINT WARNING * * *
b - a +0 blowgun (weapon)
Firing (i - inventory. (,) - cycle):
f - 2 curare-tipped needles (quivered)
Press: ? - help, Shift-Dir - straight line, f - deep elf priest
Aim: a deep elf priest, wielding a long sword of holy wrath (moderately wounded)
You shoot a curare-tipped needle.
The curare-tipped needle barely misses the deep elf priest.
Firing (i - inventory. (,) - cycle):
f - a curare-tipped needle (quivered)
Press: ? - help, Shift-Dir - straight line, f/p - deep elf priest
Aim: a deep elf priest, wielding a long sword of holy wrath (moderately wounded)
You shoot a curare-tipped needle.
The curare-tipped needle misses the deep elf priest.
The deep elf priest hits you with a long sword of holy wrath!
You die...

▓▓▓▓▓▓▓▓ ▓▓▓ ..'....♣♣♣
♣.######### .!#....♣.♣
♣.#___#__[# ###......♣
♣♣.#e@.#..)#
..#....≈.♣♣♣..###'#'###+##
..#...≈≈....♣.#..........#
..#..≈≈≈≈...♣.'.⌠........#
#'#..≈≈≈≈≈≈♣♣.#...######+#
..#.≈≈≈≈≈≈....#.⌠.#
..#.≈≈≈≈≈.....#...#
..#.≈≈≈.......#+###
###...........#


You could see a deep elf priest.

Vanquished Creatures
  A water elemental (D)
  A wolf (D)
  3 humans (D)
  An ooze (D)
  3 rats (D)
9 creatures vanquished.

Vanquished Creatures (others)
  A yaktaur (D)
1 creature vanquished.

Grand Total: 10 creatures vanquished

Notes
Turn   | Place    | Note
--------------------------------------------------------------
     0 | D        | mopl the Spriggan Assassin began the quest for the Orb.
     0 | D        | Reached XP level 1. HP: 10/10 MP: 2/2
     4 | D        | Reached skill level 6 in Stealth
     7 | D        | Reached skill level 3 in Throwing
    25 | D        | Noticed a wolf
    37 | D        | Killed a wolf
    37 | D        | Reached skill level 3 in Short Blades
    37 | D        | Reached skill level 4 in Throwing
    37 | D        | Reached skill level 7 in Stealth
    37 | D        | Reached XP level 2. HP: 12/14 MP: 3/3
    37 | D        | Reached XP level 3. HP: 15/18 MP: 4/4
   103 | D        | Reached skill level 4 in Short Blades
   103 | D        | Reached skill level 5 in Throwing
   103 | D        | Reached skill level 8 in Stealth
   127 | D        | Killed a yaktaur
   138 | D        | Noticed a water elemental
   140 | D        | Killed a water elemental
   140 | D        | Reached skill level 5 in Short Blades
   140 | D        | Reached skill level 6 in Throwing
   140 | D        | Reached skill level 9 in Stealth
   140 | D        | Reached XP level 4. HP: 22/22 MP: 5/5
   146 | D        | Found an iron altar of Okawaru.
   147 | D        | Found a bloodstained altar of Trog.
   147 | D        | Noticed a human
   147 | D        | Noticed a human
   149 | D        | Killed a human
   149 | D        | Reached skill level 6 in Short Blades
   149 | D        | Reached skill level 8 in Throwing
   149 | D        | Reached skill level 10 in Stealth
   149 | D        | Reached XP level 5. HP: 25/25 MP: 6/6
   150 | D        | Killed a human
   150 | D        | Reached skill level 7 in Short Blades
   150 | D        | Reached skill level 9 in Throwing
   150 | D        | Reached skill level 11 in Stealth
   150 | D        | Reached XP level 6. HP: 30/30 MP: 7/7
   156 | D        | Became a worshipper of Trog the Wrathful
   160 | D        | Found a glowing silver altar of Zin.
   160 | D        | Found a glowing golden altar of the Shining One.
   160 | D        | Found a white marble altar of Elyvilon.
   160 | D        | Noticed a deep elf priest
   169 | D        | Slain by a deep elf priest

Action                   |  1- 3 |  4- 6 || total
-------------------------+-------+-------++-------
Melee: Dagger            |     6 |     6 ||    12
 Fire: Blowgun           |    10 |     2 ||    12
  Use: Scroll            |     2 |       ||     2
 Stab: Sleeping          |     4 |     2 ||     6
       Distracted        |     1 |       ||     1
